 Dungeon Crawl Stone Soup version 0.20-a0-1117-g62da73f (webtiles) character file.

12321 FastMan the Cleaver (level 11, -4/104 HPs)
             Began as a Deep Dwarf Fighter on May 9, 2017.
             Was a Priest of Makhleb.
             Slain by a 12-headed hydra (5 damage)
             ... on level 11 of the Dungeon.
             The game lasted 00:07:56 (5223 turns).

FastMan the Cleaver (Deep Dwarf Fighter)            Turns: 5223, Time: 00:07:57

Health: -4/104     AC: 11    Str: 24    XL:     11   Next: 60%
Magic:  6/6        EV:  6    Int: 14    God:    Makhleb [***...]
Gold:   496        SH: 17    Dex: 12    Spells: 10/10 levels left

rFire    + + .     SeeInvis .   a - +7 war axe "Ecsoffie" {vamp, Int+6}
rCold    . . .     Gourm    +   u - +0 large shield
rNeg     . . .     Faith    .   B - +1 fire dragon scales
rPois    .         Spirit   .   o - +1 hat {MR+}
rElec    .         Reflect  .   (no cloak)
rCorr    +         Harm     .   (no gloves)
MR       ++...                  (no boots)
Stlth    ..........             d - amulet of the gourmand
Regen    0.0/turn               r - ring of resist corrosion
MPRegen  0.1/turn               c - ring of protection from cold

@: non-regenerating
A: damage resistance, heal wounds, sense surroundings 2, no regeneration
a: Heal Wounds, Minor Destruction, Lesser Servant of Makhleb, Renounce Religion


You were on level 11 of the Dungeon.
You worshipped Makhleb.
Makhleb was most pleased with you.
You were not hungry.

You visited 2 branches of the dungeon, and saw 12 of its levels.

You collected 496 gold pieces.

Inventory:

Hand Weapons
 a - the +7 war axe "Ecsoffie" (weapon) {vamp, Int+6}
   (You acquired it on level 10 of the Dungeon)

   It inflicts no extra harm, but heals its wielder when it wounds a living foe.
   It affects your intelligence (+6).
Armour
 o - a +1 hat of magic resistance (worn)
 u - a +0 large shield (worn)
 x - a +0 shield
 B - +1 fire dragon scales (worn)
Jewellery
 c - a ring of protection from cold (right hand)
 d - an amulet of the gourmand (around neck)
 q - an uncursed amulet of rage
 r - a ring of resist corrosion (left hand)
Scrolls
 b - a scroll of remove curse {@r2}
 e - a scroll of fear
 k - a scroll of magic mapping
 n - 3 scrolls of teleportation {@r3}
 s - a scroll of identify {@r1}
 t - a scroll of fog
 y - a scroll of blinking {unknown}
Potions
 g - a potion of lignification
 i - a potion of agility {@q5}
 j - a potion of degeneration
 m - 2 potions of cancellation
 A - 5 potions of curing {@q1}
Comestibles
 f - 3 bread rations {@e1}
 l - 3 meat rations {@e2}
 p - 14 royal jellies {@e3}
 z - 4 fruits {@e4}


   Skills:
 + Level 8.9 Fighting
 * Level 14.0 Axes
 - Level 3.2 Armour
 + Level 9.4 Shields
 + Level 7.1 Invocations


You had 10 spell levels left.
You didn't know any spells.

Dungeon Overview and Level Annotations

Branches:
Dungeon (11/15)            Temple (1/1) D:7             Orc (0/2) D:11
   Lair: D:8-11

Altars:
Cheibriados
Dithmenos
Elyvilon
Fedhas
Gozag
Hepliaklqana
Kikubaaqudgha
Makhleb
Nemelex Xobeh
Okawaru
Qazlal
Ru
Sif Muna
Trog
Uskayaw
Vehumet
Wu Jian
Xom
Yredelemnul
Zin
The Shining One
Jiyva

Shops:
D:11 ([

Annotations:
D:8 4 exclusions


Innate Abilities, Weirdness & Mutations

You are resistant to damage.
You can heal yourself by infusing magical energy.
You passively map the area around you.
You do not regenerate.


Message History

Found a stone staircase leading down.
A wraith comes into view.
Found 25 stones and 11 gold pieces.
The worker ant completely misses you. You block the worker ant's attack.
Found a club.
You see here a club.
You see here a club.
A hound comes into view.
Found 3 scrolls of enchant armour.
You block the 12-headed hydra's attack. x2
The 12-headed hydra bites you but does no damage.
The 12-headed hydra bites you!
* * * LOW HITPOINT WARNING * * *
The 12-headed hydra bites you.
* * * LOW HITPOINT WARNING * * *
The 12-headed hydra bites you but does no damage.
The 12-headed hydra bites you!
* * * LOW HITPOINT WARNING * * *
The 12-headed hydra bites you!
You die...

** * * ....# ###* * ,..#.# #.., ,
** #?#.# #.# ,* ##### #.#.# #.#,
* ....########## #.#.# #.# ,
......5...,..###.#.####.# ,,
......§# ###.#...#....#.#######.#
.$....>+,.......@D.W.a..........#
.......# ###.#.######.####.######
..[###.#####.#.######...##h......
..).....5........5§.........a....
.$)#####.....#.########.##..#....
.)[#.. +.....#.# #.###.#.###
...##.##.....#.# ** #.# #....)W
...........(.#.. ,, #.# #...###
......#......##### * #.# #.....*


You could see a 12-headed hydra, a wraith and a worker ant.

Vanquished Creatures
  Gastronok (D:9)
  The ghost of Voda the Covert, a journeyman OpAs of Dithmenos (D:10)
  A two-headed ogre (D:8)
  A centaur skeleton (D:10)
  8 trolls
  A hornet (D:9)
  A polar bear (D:8)
  Grinder (D:5)
  A vampire (D:9)
  A wyvern (D:10)
  Sigmund (D:5)
  The ghost of TheHza the Twirler, an amateur OgGl of Okawaru (D:4)
  11 yaks
  A steam dragon (D:9)
  2 orc warriors
  5 ice beasts
  2 black bears
  2 sky beasts
  3 ogres
  A necrophage (D:8)
  2 wolves (D:8)
  2 centaurs
  A big kobold (D:7)
  5 bullfrogs
  3 scorpions
  8 killer bees
  7 wights
  A howler monkey (D:9)
  3 crimson imps
  2 bullfrog zombies
  5 jellies
  A centaur zombie (D:5)
  7 hounds
  11 orc wizards
  2 orc priests
  A bullfrog skeleton (D:7)
  An iguana (D:9)
  10 worker ants
  A bullfrog simulacrum (D:8)
  A hound skeleton (D:4)
  A worker ant zombie (D:6)
  3 gnolls (D:9)
  A howler monkey skeleton (D:6)
  6 adders
  A hound simulacrum (D:8)
  2 white imps (D:8)
  4 ufetubi (D:8)
  5 oozes (D:8)
  2 dart slugs
  5 leopard geckos
  28 orcs
  A ball python (D:5)
  3 giant cockroaches
  2 goblins
  2 hobgoblins (D:3)
  8 jackals
  7 kobolds
  3 quokkas
  3 bats
  7 frilled lizards
  A jackal simulacrum (D:8)
  A leopard gecko skeleton (D:5)
  4 rats
220 creatures vanquished.

Vanquished Creatures (collateral kills)
  A troll (D:10)
1 creature vanquished.

Vanquished Creatures (others)
  A white imp (D:8)
1 creature vanquished.

Grand Total: 222 creatures vanquished

Notes
Turn   | Place    | Note
-------+----------+-------------------------------------------
     0 | D:1      | FastMan the Deep Dwarf Fighter began the quest for the Orb.
     0 | D:1      | Reached XP level 1. HP: 20/20 MP: 1/1
   160 | D:1      | Reached XP level 2. HP: 22/27 MP: 2/2
   378 | D:2      | Reached skill level 3 in Axes
   441 | D:2      | Found a bloodstained altar of Trog.
   478 | D:3      | Reached XP level 3. HP: 18/34 MP: 3/3
   533 | D:3      | Found an ancient bone altar of Kikubaaqudgha.
   595 | D:3      | Reached skill level 4 in Axes
   838 | D:4      | Reached XP level 4. HP: 36/42 MP: 4/4
   880 | D:4      | Noticed TheHza's ghost (amateur OgGl)
   910 | D:4      | Killed TheHza's ghost
   910 | D:4      | Reached skill level 5 in Axes
   910 | D:4      | Reached XP level 5. HP: 36/50 MP: 3/3
  1031 | D:4      | Reached XP level 6. HP: 31/57 MP: 4/4
  1039 | D:4      | Reached skill level 6 in Axes
  1297 | D:5      | Entered Level 5 of the Dungeon
  1299 | D:5      | Noticed Sigmund
  1306 | D:5      | Noticed Grinder
  1340 | D:5      | Killed Sigmund
  1340 | D:5      | Reached skill level 7 in Axes
  1340 | D:5      | Reached XP level 7. HP: 54/66 MP: 2/2
  1344 | D:5      | Killed Grinder
  1344 | D:5      | Reached skill level 5 in Fighting
  1484 | D:5      | Reached skill level 8 in Axes
  1939 | D:5      | Reached XP level 8. HP: 57/74 MP: 3/3
  2181 | D:6      | Reached skill level 9 in Axes
  2559 | D:6      | Found a deep blue altar of Sif Muna.
  2716 | D:7      | Found a blossoming altar of Fedhas.
  2731 | D:7      | Reached skill level 5 in Shields
  2910 | D:7      | Reached skill level 10 in Axes
  2915 | D:7      | Gained mutation: You passively map the area around you. [Deep Dwarf growth]
  2915 | D:7      | Reached XP level 9. HP: 76/82 MP: 3/3
  2957 | D:7      | Found a staircase to the Ecumenical Temple.
  3021 | Temple   | Entered the Ecumenical Temple
  3147 | Temple   | Became a worshipper of Makhleb the Destroyer
  3383 | D:7      | Noticed a troll
  3393 | D:7      | Killed a troll
  3620 | D:8      | Noticed a polar bear
  3631 | D:8      | Killed a polar bear
  3631 | D:8      | Reached skill level 11 in Axes
  3640 | D:8      | Found a basalt altar of Yredelemnul.
  3676 | D:8      | Found a viscous altar of Jiyva.
  3693 | D:8      | Found an ornate altar of the Wu Jian Council.
  3704 | D:8      | Reached * piety under Makhleb
  3869 | D:8      | Reached skill level 1 in Invocations
  3913 | D:8      | Reached XP level 10. HP: 54/94 MP: 3/3
  4007 | D:8      | Noticed a two-headed ogre
  4020 | D:8      | Killed a two-headed ogre
  4020 | D:8      | Reached skill level 12 in Axes
  4196 | D:9      | Reached ** piety under Makhleb
  4229 | D:9      | Noticed Gastronok
  4268 | D:9      | Killed Gastronok
  4268 | D:9      | Reached skill level 13 in Axes
  4268 | D:9      | Reached skill level 5 in Invocations
  4268 | D:9      | Reached XP level 11. HP: 98/103 MP: 5/7
  4570 | D:10     | Entered Level 10 of the Dungeon
  4760 | D:10     | Identified a scroll of acquirement
  4764 | D:10     | Got a jewelled war axe
  4766 | D:10     | Identified the +7 war axe "Ecsoffie" {vamp, Int+6} (You acquired it on level 10 of the Dungeon)
  4798 | D:10     | Reached *** piety under Makhleb
  4805 | D:10     | Noticed Voda's ghost (journeyman OpAs)
  4817 | D:10     | Killed Voda's ghost
  4927 | D:10     | Noticed an iron troll
  4932 | D:10     | Noticed an iron troll
  4953 | D:10     | Found an opulent altar of Gozag.
  5122 | D:11     | Found a staircase to the Orcish Mines.
  5122 | D:11     | Found Ogief's Armour Boutique.
  5122 | D:11     | Found Lutoyve's Weapon Boutique.
  5132 | D:11     | Reached skill level 14 in Axes
  5136 | D:11     | Noticed a seven-headed hydra
  5223 | D:11     | HP: 1/104 [12-headed hydra (7)]
  5223 | D:11     | Slain by a 12-headed hydra

Vault maps used:
D:1:      mushboom_english_gardens
D:2:      bloody_trog, serial_bayou, serial_bayou_shore_b, serial_bayou_pond_a,
          serial_bayou_pond_e, serial_bayou_crossing, serial_bayou_shore_b,
          nrook_uturn
D:3:      kiku_gazebo_garden_becter, first_bread
D:5:      uniq_grinder, uniq_sigmund
D:6:      lemuel_blue_sif_altar
D:7:      lemuel_crystal_altar, minmay_temple_entry_crystal_x,
          kennysheep_generic_room_12
D:8:      old_standard_altar, yredelemnul_altar_generic, lemuel_crystal_altar,
          serial_ice, serial_ice_a, serial_ice_k, serial_ice_n, serial_ice_b,
          serial_ice_f, serial_ice_g, serial_ice_h, serial_ice_o, serial_ice_m,
          serial_ice_e, hangedman_little_slice_of_home, lemuel_hellish_altar
D:9:      minmay_curly_fans, uniq_gastronok
D:10:     lemuel_troll_bridge, basic_altar, uniq_fannar
D:11:     orc_david_3, nicolae_elemental_shop
Temple:   bh_familiar_temple

Skill      XL: |  1  2  3  4  5  6  7  8  9 10 11 |
---------------+----------------------------------+-----
Fighting       | 3 4 5 6 7 8 |  8.9
Axes           | 3 4 5 7 8 10 11 13 14 | 14.0
Shields        | 4 5 7 8 9 |  9.4
Invocations    | 1 5 7 |  7.1
Armour         | |  3.2

Action                   |  1- 3 |  4- 6 |  7- 9 | 10-12 || total
-------------------------+-------+-------+-------+-------++-------
Melee: War axe           |   115 |    98 |   391 |   236 ||   840
       Broad axe         |       |       |       |    61 ||    61
Invok: Lesser Servant of |       |       |       |     6 ||     6
 Abil: Heal Wounds       |     3 |    10 |    13 |     9 ||    35
  Use: Scroll            |       |       |    12 |     5 ||    17
       Potion            |       |       |       |     2 ||     2
  Eat: Chunk             |       |     2 |     9 |     5 ||    16
       Bread ration      |       |       |       |     1 ||     1
Armor: Scale mail        |    67 |    38 |    91 |       ||   196
       Fire dragon scale |       |       |   103 |   142 ||   245
Dodge: Dodged            |    33 |    24 |    76 |    67 ||   200
Block: Shield            |    58 |    44 |     2 |       ||   104
       Large shield      |       |       |   384 |   325 ||   709
